Map: Tokamak LE

Players

Sindyr

  • Race: Terran Terran
  • League: Master
  • Spawn Location: 7:00

YAB - Winner!

  • Race: Terran Terran
  • League: Master
  • Spawn Location: 1:00

VOD

Have the link to the VOD?

Description

Time

  • Played on: Oct. 31, 2025, 4:39 p.m.
  • Length: 20:38
Show
View Real Time Build Order
Export as new Build Order

Sindyr Terran 

Build Orders:  

Get SALT Encoding   

  12  0:01  SCV  
  13  0:13  SCV  
  14  0:17  Supply Depot  
  14  0:25  SCV  
  15  0:39  SCV  
  15  0:42  Barracks  
  16  0:47  Refinery  
  16  0:51  SCV  
  16  1:29  SCV  
  17  1:41  Command Center, SCV  
  17  1:46  Barracks Tech Lab  
  18  1:54  SCV  
  19  2:06  Orbital Command  
  19  2:17  Barracks  
  19  2:19  Stimpack  
  19  2:28  Marine  
  19  2:46  Marine  
  19  2:58  Refinery  
  19  2:59  SCV  
  19  3:00  Orbital Command  
  18  3:05  Marine  
  18  3:11  SCV  
  19  3:23  SCV, Marine  
  21  3:30  SCV  
  22  3:35  SCV  
  23  3:41  Marine  
  23  3:42  SCV, Barracks Reactor  
  23  3:47  SCV  
  26  3:54  SCV  
  26  3:59  Marine, SCV  
  28  4:06  SCV  
  29  4:11  SCV  
  29  4:14  Factory  
  29  4:17  Marine  
  29  4:18  SCV, Supply Depot  
  29  4:23  SCV  
  31  4:30  Marine x2, SCV  
  34  4:34  Marine  
  34  4:36  SCV  
  36  4:42  SCV  
  37  4:48  Marine, SCV  
  39  4:54  SCV  
  39  4:57  Refinery  
  39  4:58  Barracks  
  40  5:00  SCV  
  40  5:03  Supply Depot  
  40  5:05  Engineering Bay  
  40  5:06  SCV  
  42  5:12  SCV  
  43  5:17  Factory Reactor  
  43  5:19  SCV  
  44  5:24  SCV  
  44  5:31  SCV  
  45  5:36  Starport, SCV  
  45  5:38  Terran Infantry Weapons Level 1  
  46  5:43  SCV  
  46  5:48  SCV  
  46  5:49  Barracks Reactor  
  48  5:55  SCV  
  49  6:00  SCV  
  50  6:06  Command Center  
  50  6:07  SCV  
  50  6:08  Factory Tech Lab  
  51  6:12  SCV  
  51  6:13  Barracks  
  51  6:15  Engineering Bay  
  51  6:16  Barracks  
  51  6:18  Armory  
  52  6:19  SCV  
  52  6:22  Refinery  
  52  6:24  SCV  
  54  6:28  Supply Depot  
  54  6:30  Supply Depot  
  54  6:50  Medivac x2, SCV  
  54  6:52  Terran Infantry Armor Level 1  
  59  6:58  Siege Tank  
  59  6:59  Marine x4  
  59  7:00  Marine x2  
  68  7:02  SCV  
  69  7:13  SCV  
  69  7:14  SCV  
  71  7:17  Marine  
  71  7:18  Marauder  
  72  7:25  Missile Turret, SCV  
  72  7:26  SCV  
  72  7:28  Missile Turret x2  
  72  7:29  Missile Turret  
  69  7:37  Missile Turret, SCV  
  69  7:38  Missile Turret, SCV  
  69  7:39  Missile Turret  
  69  7:40  Missile Turret  
  69  7:41  Missile Turret  
  67  7:47  Orbital Command  
  67  7:49  SCV  
  67  7:51  SCV  
  67  7:56  Marine  
  67  7:57  Marine x4  
  68  7:59  Viking x2  
  68  8:16  Barracks Reactor  
  68  8:17  Barracks Reactor  
  68  8:18  Thor  
  68  8:19  Terran Infantry Weapons Level 2  
  71  8:36  Starport  
  71  8:45  Starport, Refinery  
  71  8:46  Refinery, Command Center  
  71  8:56  SCV  
  72  9:03  Marine x5  
  72  9:04  Marine x2, Marauder  
  72  9:06  Thor  
  72  9:07  Medivac x2  
  91  9:15  Supply Depot  
  90  9:17  SCV  
  90  9:35  SCV x3  
  90  9:37  Medivac  
  95  9:47  SCV x3  
  98  9:53  Starport Tech Lab  
  98  9:54  Terran Infantry Armor Level 2  
  98  9:57  Terran Ship Weapons Level 1  
  98  9:59  SCV x3  
  101  10:01  Starport  
  101  10:11  SCV x2  
  103  10:15  Barracks x2  
  103  10:16  Factory  
  103  10:23  Missile Turret  
  103  10:25  Missile Turret  
  103  10:27  Missile Turret x2  
  103  10:31  Sensor Tower  
  103  10:46  Sensor Tower, Orbital Command  
  103  10:50  SCV x3  
  103  10:54  Sensor Tower  
  106  10:58  Supply Depot  
  106  11:00  Sensor Tower  
  106  11:02  SCV x2  
  106  11:03  SCV  
  109  11:05  Raven  
  109  11:08  Factory Tech Lab  
  111  11:14  SCV  
  111  11:15  SCV x2  
  114  11:26  Barracks Tech Lab  
  114  11:27  Barracks Reactor  
  114  11:34  Marine x3  
  114  11:35  Marine x6  
  122  11:43  Barracks Reactor  
  122  11:45  Barracks Tech Lab  
  119  11:52  Marine x4  
  123  11:57  Terran Infantry Weapons Level 3  
  123  11:58  Terran Vehicle And Ship Armor Level 1  
  123  12:00  SCV x4  
  127  12:03  Refinery  
  127  12:11  Marine  
  127  12:12  Marine x3, SCV  
  132  12:21  Thor, Medivac, Marine x6  
  132  12:22  Marauder  
  148  12:23  Supply Depot  
  148  12:25  Terran Infantry Armor Level 3, Supply Depot  
  148  12:33  Missile Turret  
  148  12:40  Factory  
  148  12:41  Refinery  
  148  12:45  Medivac x2, SCV x2, Marauder  
  148  12:47  Thor  
  162  12:51  Medivac  
  162  12:55  Sensor Tower  
  164  13:11  Command Center  
  164  13:16  Combat Shield  
  164  13:17  Concussive Shells  
  164  13:27  Starport Tech Lab  
  164  13:48  Supply Depot  
  164  13:49  Supply Depot  
  164  13:51  Supply Depot  
  164  13:52  Supply Depot  
  164  13:56  Terran Vehicle Weapons Level 1  
  164  14:09  Marine x2, Thor  
  172  14:11  Marine x2, Medivac x3  
  172  14:12  Marine x6  
  172  14:13  Thor  
  192  14:18  Command Center  
  170  14:34  Marine x3  
  170  14:35  Marine x4, Marauder x3  
  170  14:36  Marine  
  139  14:52  Marine x4  
  141  14:53  Marine x4  
  141  14:56  Marauder x3  
  141  14:59  Medivac x4  
  161  15:17  Marauder  
  162  15:29  Medivac x2  
  162  15:34  Planetary Fortress  
  166  15:50  Terran Vehicle And Ship Armor Level 2  
  166  16:02  Marine x5  
  166  16:03  Marine x3, Marauder x2  
  166  16:04  Marauder  
  180  16:05  Medivac x4  
  181  16:15  SCV x2  
  144  16:20  Marine x7  
  144  16:21  Marine  
  144  16:22  Thor x2  
  144  16:24  Marine  
  144  16:25  Marauder x2  
  133  16:35  Medivac, Viking x3  
  133  16:38  Marine x8  
  140  16:42  Marine  
  140  16:45  Marine x2  
  143  16:56  Marine x8  
  143  17:00  Marine  
  140  17:03  Marine x2  
  140  17:05  Thor x2, Viking x4  
  148  17:13  Marine  
  148  17:14  Marine x7  
  147  17:18  Marauder  
  147  17:21  Marine  
  147  17:22  Marauder  
  140  17:31  Marine x3  
  140  17:32  Marine x5  
  140  17:35  Viking x4  
  141  17:39  Marauder  
  141  17:40  Marauder  
  141  17:42  Marine  
  134  17:47  Thor  
  134  17:48  Thor  
  133  17:59  Marine x5  
  133  18:00  Marine x3  
  133  18:01  Marauder x3  
  133  18:05  Viking x4, Terran Vehicle Weapons Level 2  
  133  18:16  Marine x2  
  133  18:17  Marine x4  
  131  18:23  Marine x5  
  129  18:34  Marine x2  
  129  18:35  Marine x4, Viking x4  
  129  18:41  Marine x5  
  124  18:52  Marine x4  
  124  18:53  Marine x2  
  128  18:56  Thor x2  
  128  18:59  Marine x3  
  128  19:00  Marauder x2  
  147  19:05  Viking x4  
  147  19:09  Refinery  
  155  19:10  Marine x4  
  155  19:11  Marine x2  
  161  19:25  Command Center  
  161  19:33  Sensor Tower  
  161  19:37  Starport Tech Lab  
  161  19:41  Marine x9  
  106  20:08  Marine x7  
  106  20:09  Marine  
  106  20:10  Command Center, Marine  
Show
View Real Time Build Order
Export as new Build Order

YAB Terran - Winner!

Build Orders:  

Get SALT Encoding   

  12  0:00  SCV  
  13  0:12  SCV  
  14  0:17  Supply Depot  
  14  0:25  SCV  
  15  0:39  SCV  
  15  0:41  Barracks  
  16  0:46  Refinery  
  16  0:51  SCV  
  17  1:03  SCV  
  18  1:15  SCV  
  19  1:27  SCV  
  19  1:30  Supply Depot  
  20  1:34  Reaper  
  21  1:41  Orbital Command  
  21  1:54  Command Center  
  21  2:04  Refinery  
  21  2:06  Marine  
  22  2:10  SCV  
  23  2:22  SCV  
  24  2:24  Marine  
  25  2:43  Factory  
  25  2:57  SCV  
  26  3:12  SCV  
  27  3:13  Orbital Command  
  27  3:23  Marine  
  27  3:24  SCV  
  29  3:30  Factory Reactor, Barracks  
  29  3:32  Barracks  
  29  3:33  Starport, Barracks  
  29  3:34  Factory Tech Lab, Orbital Command  
  29  3:39  Starport  
  29  3:51  SCV  
  30  4:03  SCV  
  30  4:04  SCV  
  32  4:28  SCV  
  32  4:30  Siege Tank  
  36  4:31  Starport Tech Lab  
  36  4:32  Starport Tech Lab  
  36  4:33  Barracks Reactor x2  
  36  4:35  Barracks Reactor  
  36  4:36  Barracks Tech Lab  
  36  4:37  SCV  
  37  4:41  Engineering Bay  
  37  4:42  Engineering Bay  
  37  4:48  SCV  
  37  4:52  Cloaking Field  
  38  4:56  Marine  
  39  5:05  Siege Tank  
  42  5:11  Refinery x2, SCV x2  
  44  5:17  Supply Depot x3  
  44  5:23  SCV x2  
  44  5:28  Hyperflight Rotors  
  45  5:32  Stimpack  
  45  5:35  SCV  
  46  5:43  Marine x3  
  46  5:44  Marine x3  
  52  5:52  Supply Depot  
  52  5:56  Missile Turret  
  52  5:59  Missile Turret  
  52  6:00  Missile Turret, SCV  
  52  6:01  SCV, Missile Turret  
  52  6:02  Missile Turret  
  52  6:03  Marine  
  52  6:04  Marine, Banshee  
  59  6:17  SCV x2  
  61  6:21  Banshee  
  64  6:32  Siege Tank  
  67  6:36  Supply Depot x2  
  67  6:38  SCV x2  
  69  6:49  Banshee  
  72  6:54  SCV x2  
  72  6:56  Terran Infantry Weapons Level 1, Terran Infantry Armor Level 1  
  72  7:00  Supply Depot  
  72  7:01  Supply Depot  
  74  7:06  Marine x3  
  74  7:07  Marine  
  78  8:01  SCV x2  
  78  8:02  Banshee x2  
  83  8:18  Command Center  
  83  8:29  SCV x2  
  85  8:37  Armory  
  85  8:40  Armory  
  85  8:44  Supply Depot  
  85  8:45  Supply Depot  
  85  8:47  Supply Depot  
  85  8:55  Barracks  
  85  8:56  Banshee x2  
  85  8:57  Barracks  
  85  9:30  SCV x2  
  81  9:39  Orbital Command  
  81  9:42  SCV x2  
  83  9:46  Starport  
  83  9:47  Starport  
  83  9:48  Starport  
  83  9:50  Refinery  
  83  9:51  Starport  
  83  9:54  SCV x2  
  83  9:55  Refinery  
  83  9:57  Fusion Core  
  85  10:00  Terran Vehicle And Ship Armor Level 1, Terran Ship Weapons Level 1  
  85  10:01  Terran Infantry Weapons Level 2, Terran Infantry Armor Level 2  
  85  10:06  SCV  
  85  10:07  SCV  
  87  10:08  Supply Depot x2  
  87  10:09  Supply Depot  
  87  10:12  Supply Depot  
  87  10:13  Missile Turret x2, Supply Depot  
  87  10:15  Bunker  
  87  10:17  Siege Tank  
  87  10:18  SCV  
  87  10:19  SCV  
  92  10:25  Medivac x2  
  96  10:29  Starport Tech Lab x4  
  96  10:31  SCV x2  
  98  10:36  Starport Tech Lab  
  98  10:42  Factory  
  98  10:43  SCV x2  
  98  10:46  Factory  
  98  10:49  Siege Tank  
  103  10:55  SCV  
  101  11:48  SCV x2  
  101  11:51  Factory Tech Lab, Factory Reactor  
  103  12:04  Combat Shield  
  103  12:07  Barracks Tech Lab x2  
  103  12:09  Marine x6, Marauder  
  103  12:13  Command Center  
  103  12:14  Battlecruiser x2  
  103  12:15  Battlecruiser x3  
  141  12:25  Weapon Refit  
  141  12:26  Marine  
  141  12:27  Marine x5  
  147  12:30  Marauder  
  147  12:36  Supply Depot  
  147  12:37  Supply Depot  
  149  12:38  Supply Depot  
  149  12:39  Supply Depot  
  149  12:44  Marine  
  149  12:45  Marine x5  
  149  12:51  Marine  
  155  12:55  SCV x2  
  158  13:02  Siege Tank, Marine  
  158  13:03  Marine x3  
  165  13:15  Medivac  
  165  13:18  Medivac  
  169  13:24  Battlecruiser x2  
  169  13:26  Command Center  
  181  13:50  Marine x4, Marauder  
  181  13:51  Marauder x2, Marine x2  
  193  13:58  Siege Tank  
  193  13:59  Widow Mine x2  
  200  14:07  Orbital Command  
  200  14:25  Refinery x2  
  200  14:31  Command Center  
  189  15:07  Planetary Fortress  
  189  15:14  Missile Turret x2  
  185  15:28  Siege Tank, Widow Mine  
  190  15:29  Widow Mine x2  
  194  15:38  Battlecruiser  
  194  15:40  Terran Vehicle And Ship Armor Level 2, Terran Ship Weapons Level 2  
  200  15:57  Command Center  
  200  15:58  Orbital Command  
  200  16:18  Refinery x2  
  178  16:50  SCV x3  
  167  17:06  Marine  
  167  17:07  Marauder, Marine x7  
  166  17:14  Battlecruiser x3  
  166  17:15  Battlecruiser x2  
  192  17:24  Marine  
  192  17:25  Marine x7  
  188  17:47  Marine x6, Marauder  
  188  17:48  Marine  
  179  18:37  Siege Tank x2  
  179  18:38  Widow Mine x2  
  185  18:46  Marine  
  185  18:47  Marauder, Marine x7  
  178  18:59  Widow Mine  
  178  19:00  Planetary Fortress  
  177  19:03  Missile Turret  
  177  19:04  Marine  
  177  19:05  Marine x7  
  177  19:08  Marine  
  181  19:20  Siege Tank, Widow Mine  
  181  19:21  Widow Mine x2  
  181  19:22  Marine  
  189  19:28  Battlecruiser  
  195  19:42  Widow Mine  
  178  20:05  Marine  
  178  20:06  Marine x7  
Tags
 
Matchup
TvT
Race
Terran
Replay Pack
Multiplayer
Spawn Locations
Cross Positions
Add a new tag
Caveats
  • Supply blocks, unpowered buildings, or Contaminate may cause inaccurate times.
  • Supply counts are checked every 10 seconds.